 Dungeon Crawl Stone Soup version 0.21-a0-404-g291f19a (webtiles) character file.

2 prokat the Magician (level 1, 0/13 HPs)
             Began as a Human Wanderer on Oct 27, 2017.
             Slain by a kobold (2 damage)
             ... on level 1 of the Dungeon.
             The game lasted 00:02:05 (343 turns).

prokat the Magician (Human Wanderer)                 Turns: 343, Time: 00:02:06

Health: 0/13       AC:  2    Str: 11    XL:     1   Next: 33%
Magic:  4/5        EV: 11    Int: 14    God:
Gold:   19         SH:  0    Dex: 11    Spells: 7/8 levels left

rFire    . . .     SeeInvis .   h - -2 hand axe (curse)
rCold    . . .     Gourm    .   (no shield)
rNeg     . . .     Faith    .   d - +0 robe
rPois    .         Spirit   .   (no helmet)
rElec    .         Reflect  .   (no cloak)
rCorr    .         Harm     .   (no gloves)
MR       .....                  (no boots)
Stlth    +.........             (no amulet)
HPRegen  0.04/turn              (no ring)
MPRegen  0.09/turn              (no ring)

@: very slightly contaminated
A: no striking features
a: no special abilities


You were on level 1 of the Dungeon.
You were not hungry.

You visited 1 branch of the dungeon, and saw 1 of its levels.

You collected 19 gold pieces.

Inventory:

Hand Weapons
 e - a +0 club
 h - a cursed -2 hand axe (weapon)
Missiles
 i - 26 arrows
Armour
 d - a +0 robe (worn)
Potions
 b - a potion of lignification
 g - a potion of berserk rage {unknown}
 j - a potion of degeneration {unknown}
Books
 a - a book of Minor Magic

   Spells                             Type                      Level
   a - Magic Dart                     Conjuration                  1
   b - Blink                          Translocation                2
   c - Call Imp                       Summoning                    2
   d - Slow                           Hexes                        2
   e - Conjure Flame                  Conjuration/Fire             3
   f - Mephitic Cloud                 Conjuration/Poison/Air       3
 c - Kikubaaqudgha's Tome of Sinister Magic

   Spells                             Type                      Level
   a - Pain                           Necromancy                   1
   b - Regeneration                   Charms/Necromancy            3
Comestibles
 f - a bread ration


   Skills:
 + Level 1.0 Throwing
 + Level 4.1 Spellcasting
   Level 2.0 Hexes
   Level 2.0 Necromancy
   Level 1.0 Evocations


You had 7 spell levels left.
You knew the following spells:

 Your Spells              Type           Power        Failure   Level  Hunger
a - Magic Dart            Conj           #...         19%         1    None


Dungeon Overview and Level Annotations

Branches:
Dungeon (1/15)

Altars:


Message History

You hit the kobold.
The kobold is heavily wounded.
The kobold hits you.
You barely miss the kobold.
The kobold is heavily wounded.
The kobold completely misses you. The kobold barely misses you.
You closely miss the kobold.
The kobold is moderately wounded.
The kobold closely misses you.
You hit the kobold.
The kobold is heavily wounded.
The kobold closely misses you.
You closely miss the kobold.
The kobold is heavily wounded.
The kobold closely misses you. The kobold hits you.
* * * LOW HITPOINT WARNING * * *
You hit the kobold but do no damage.
The kobold is heavily wounded.
The kobold hits you.
You die...

#...# #######.# # #...# #.#
# #...# #.# ### #####...#
#.###.. #.......# #.##...
#.####..# #.#.... *,* #).#
*#####...... *,* #..#
#........... *,***#@.#
#.#######... #....K..# *,*
##.. ****#...###.# *,* ##.
*,,....,,,,.# *,* #.
*,,...,,,,,##***,* #.
*,,..,,,,,,,,,,*,* #.
*,,.,,,,,,,,,,,*,********#.
*,***,,,*****,,,,,,,,,,,,,,
*,* *,,,* *,*********,*,,


You could see a kobold.

Vanquished Creatures
  A hobgoblin (D:1)
  A kobold (D:1)
2 creatures vanquished.

Notes
Turn   | Place    | Note
-------+----------+-------------------------------------------
     0 | D:1      | prokat the Human Wanderer began the quest for the Orb.
     0 | D:1      | prokat set off with: a book of Minor Magic, a potion of lignification, Kikubaaqudgha's Tome of Sinister Magic, a +0 robe, a +0 club, a bread ration
     0 | D:1      | Reached XP level 1. HP: 13/13 MP: 5/5
     2 | D:1      | Learned a level 1 spell: Magic Dart
     2 | D:1      | Identified Kikubaaqudgha's Tome of Sinister Magic
   343 | D:1      | Slain by a kobold

Vault maps used:
D:1:      shiori_arrival_oz, minmay_misc_feat_chi, minmay_tetromino_i2

Action                   || total
-------------------------++-------
Melee: Hand axe          ||    18
 Cast: Magic Dart        ||     5
  Use: Scroll            ||     1
Armor: Robe              ||     2
Dodge: Dodged            ||    13

Table legend:
 A = Spawn XP
 B = Non-spawn XP
 C = Spawn XP percentage of total XP
 D = Spawn monster count
 E = Non-spawn monster count
 F = Spawn count percentage of total count
 G = Total turns spent on level
                    A         B        C        D         E        F      G
               +---------+---------+-------+---------+---------+-------+---------
         Total |       0 |       3 |   0.0 |       0 |       2 |   0.0 |   343
               +---------+---------+-------+---------+---------+-------+---------
           D:1 |       0 |       3 |   0.0 |       0 |       2 |   0.0 |   343
               +---------+---------+-------+---------+---------+-------+---------
